 Dungeon Crawl Stone Soup version 0.28-a0-655-g4eb62b627b (webtiles) character file.

Game seed: 12932386503980550960

3 ytrimaz the Sneak (level 1, 0/14 HPs)
             Began as an Octopode Brigand on Oct 12, 2021.
             Slain by a frilled lizard (3 damage)
             ... on level 1 of the Dungeon.
             The game lasted 00:00:22 (58 turns).

ytrimaz the Sneak (Octopode Brigand)                  Turns: 58, Time: 00:00:23

Health: 0/14       AC:  1    Str: 10    XL:     1   Next: 50%
Magic:  1/1        EV: 12    Int: 13    God:
Gold:   0          SH:  0    Dex: 13    Spells: 0/0 levels left

rFire   . . .      SeeInvis .   a - +2 dagger
rCold   . . .      Faith    .   (no shield)
rNeg    . . .      Spirit   .   (helmet restricted)
rPois   .          Reflect  .   (no amulet)
rElec   .          Harm     .   (no ring)
rCorr   .          Rampage  .   (no ring)
Will    .....                   (no ring)
Stlth   ++++......              (no ring)
HPRegen 0.04/turn               (no ring)
MPRegen 0.07/turn               (no ring)
                                (no ring)
                                (no ring)

@: no status effects
A: almost no armour, amphibious, 8 rings, camouflage 1, gelatinous body 1,
(nimble swimmer 1), tentacles
a: no special abilities


You were on level 1 of the Dungeon.
You visited 1 branch of the dungeon, and saw 1 of its levels.

Inventory:

Hand Weapons
 a - a +2 dagger (weapon)
Missiles
 b - 8 poisoned darts (quivered)
 c - 2 curare-tipped darts
Potions
 d - a potion of cancellation {unknown}


   Skills:
 + Level 2.0 Fighting
 * Level 2.0 Short Blades
 + Level 2.0 Throwing
 + Level 1.0 Dodging
 + Level 5.5 Stealth


You couldn't memorise any spells.
You didn't know any spells.
Your spell library was empty.

Dungeon Overview and Level Annotations

Branches:
Dungeon (1/15)

Altars:


Innate Abilities, Weirdness & Mutations

You cannot wear most types of armour.
You are amphibious.
You can wear up to eight rings at the same time.
Your skin changes colour to match your surroundings (Stealth+).
Your rubbery body absorbs attacks. (AC +1, EV +1)
((You are camouflaged near water. (Stealth+)))
You have tentacles for arms and can constrict up to eight enemies at once.


Message History

You kill the goblin!
Things that are here:
a +0 dagger; a goblin corpse A kobold comes into view.
It is wielding a +0 club.
A kobold is nearby!
A kobold is nearby!
Found 5 gold pieces.
A quokka and a kobold come into view.
A rat comes into view.
Found a stone staircase leading down.
The helpless kobold fails to defend itself.
You impale the kobold!!
You kill the kobold!
A frilled lizard comes into view.
The quokka closely misses you.
The kobold shouts!
You completely miss the kobold. Your grab misses the kobold.
You squeeze the kobold.
You kill the kobold!
The frilled lizard hisses angrily.
The quokka misses you.
Found 6 boomerangs.
You see here a +0 dagger.
You hit the quokka but do no damage. Your grab misses the quokka.
The rat barely misses you. The quokka bites you.
You closely miss the quokka. Your grab misses the quokka.
Your squeeze misses the quokka. The rat bites you.
The quokka twitches its whiskers.
The quokka closely misses you.
You hit the quokka. Your grab misses the quokka.
The quokka is heavily wounded.
The rat twitches its whiskers.
The rat closely misses you. The quokka bites you.
You miss the quokka. Your grab misses the quokka.
Your squeeze misses the quokka.
The quokka is heavily wounded.
The quokka bites you. The rat bites you.
* * * LOW HITPOINT WARNING * * *
The frilled lizard bites you.
You die...

...............####..##..
...#####...........$.....
.... #..###.#..#...##
.#.# #.............# .
.#.# #.............##..#
.## #..##....)........#
#.................. #
.##..#.rr........
.......@#..##...#
.......l.........
.........>.......
...........##....
.##.##..#..# ... #.
#.....# .. . ....... .
(..#.###


You could see a quokka, a frilled lizard and a rat.

Vanquished Creatures
  A goblin (D:1)
  2 kobolds (D:1)
3 creatures vanquished.

Notes
Turn   | Place    | Note
-------+----------+-------------------------------------------
     0 | D:1      | ytrimaz the Octopode Brigand began the quest for the Orb.
     0 | D:1      | Reached XP level 1. HP: 14/14 MP: 1/1
    58 | D:1      | Slain by a frilled lizard

Illustrated notes

Levels and vault maps discovered:
D:1:      lemuel_arrival_funnel, layout_basic

Action                   || total
-------------------------++-------
Melee: Dagger            ||     7
       Tentacles         ||     1
 Stab: Sleeping          ||     2
Dodge: Dodged            ||     5

Table legend: (Time is in decaauts)
 A = Elapsed time spent in this place.
 B = Non-inter-level travel time spent in this place.
 C = Inter-level travel time spent in this place.
 D = Time resting spent in this place.
 E = Time spent auto-exploring this place.
 F = Levels seen in this place.
 G = Mean time per level.
                   A        B        C        D        E       F      G
               +--------+--------+--------+--------+--------+-----+--------+
         Total |     57 |     57 |      0 |      0 |     31 |   1 |   57.0 |
       Dungeon |     57 |     57 |      0 |      0 |     31 |   1 |   57.0 |
               +--------+--------+--------+--------+--------+-----+--------+

Top non-repeatable levels by time:
     D:1: 57 daAuts
